| TOP OF THE 1ST |
|
Detroit (APP) Tigers batting - Pitching for Great Falls Voyagers : RHP Xavier Mosley
|
|
Pitching: RHP Xavier Mosley
|
|
|
Batting: LHB Timotheus Young
|
0-0: Called Strike 0-1: Ball 1-1: Ball 2-1: Swinging Strike 2-2: Foul Ball, location: 2F 2-2: Foul Ball, location: 2F 2-2: Strikes out swinging
|
|
Batting: RHB Yasutaka Yamasaki
|
0-0: Called Strike 0-1: Called Strike 0-2: Ground out 5-3 (Groundball, 56S, EV 85.0 MPH)
|
|
Batting: RHB Norm Wood
|
0-0: Fly out, F6 (Popup, 56D, EV 58.8 MPH)
|
| Top of the 1st over - 0 runs, 0 hits, 0 errors, 0 left on base; Detroit (APP) 0 - Great Falls 0 |
| BOTTOM OF THE 1ST |
|
Great Falls Voyagers batting - Pitching for Detroit (APP) Tigers : RHP Malcolm Holz
|
|
Pitching: RHP Malcolm Holz
|
|
|
Batting: SHB Jay Gagnon
|
0-0: Ball 1-0: Swinging Strike 1-1: Called Strike 1-2: Strikes out looking
|
|
Batting: RHB Kasey Bland
|
0-0: Ground out 5-3 (Groundball, 56S, EV 85.0 MPH)
|
|
Batting: RHB Andy Cotton
|
0-0: Called Strike 0-1: Ball 1-1: Ball 2-1: Ball 3-1: Ground out 6-3 (Groundball, 4M, EV 103.8 MPH)
|
| Bottom of the 1st over - 0 runs, 0 hits, 0 errors, 0 left on base; Detroit (APP) 0 - Great Falls 0 |
| TOP OF THE 2ND |
|
Detroit (APP) Tigers batting - Pitching for Great Falls Voyagers : RHP Xavier Mosley
|
|
Batting: RHB German Quiroga
|
0-0: Ball 1-0: Ground out 6-3 (Groundball, 6, EV 90.0 MPH)
|
|
Batting: LHB Afanasy Zasekin
|
0-0: Ball 1-0: Swinging Strike 1-1: Ball 2-1: Ball 3-1: Base on Balls
|
|
Batting: LHB Isao Fukui
|
0-0: Called Strike 0-1: Ball 1-1: Grounds into double play, 4-6-3 (Groundball, 4, EV 83.8 MPH)
|
| Top of the 2nd over - 0 runs, 0 hits, 0 errors, 0 left on base; Detroit (APP) 0 - Great Falls 0 |
| BOTTOM OF THE 2ND |
|
Great Falls Voyagers batting - Pitching for Detroit (APP) Tigers : RHP Malcolm Holz
|
|
Batting: RHB Mitch Cuadros
|
0-0: DOUBLE (Line Drive, 8LXD, EV 102.5 MPH)
|
|
Batting: LHB Jeff Alphonso
|
0-0: Called Strike 0-1: Foul Ball, location: 2F 0-2: Ball 1-2: Foul Ball, location: 2F 1-2: Strikes out swinging, 2-3 out at first.
|
|
Batting: RHB David Rhodes
|
0-0: Ground out 6-3 (Groundball, 6, EV 80.6 MPH)
|
|
Batting: RHB Mike Rosa
|
0-0: Ball 1-0: Ball Wild Pitch! Mitch Cuadros to third 2-0: Ball 3-0: Base on Balls
|
|
Batting: RHB Tommy Ellington
|
0-0: Called Strike Mike Rosa is caught stealing 2nd base 2-4
|
| Bottom of the 2nd over - 0 runs, 1 hit, 0 errors, 1 left on base; Detroit (APP) 0 - Great Falls 0 |
| TOP OF THE 3RD |
|
Detroit (APP) Tigers batting - Pitching for Great Falls Voyagers : RHP Xavier Mosley
|
|
Batting: RHB Juan Acero
|
0-0: Ball 1-0: Called Strike 1-1: Ball 2-1: Fly out, F7 (Flyball, 7, EV 88.8 MPH)
|
|
Batting: RHB Adam Fisher
|
0-0: Reached on error, E6 (Groundball, 6, EV 105.6 MPH)
|
|
Batting: RHB Yankel Pensak
|
0-0: Called Strike 0-1: Fly out, F8 (Line Drive, 8RD, EV 104.4 MPH)
|
|
Batting: LHB Timotheus Young
|
0-0: Called Strike 0-1: Ball Wild Pitch! Adam Fisher to third 1-1: 2-RUN HOME RUN (Line Drive, 89XD, EV 98.8 MPH), Distance : 407 ft
|
|
Batting: RHB Yasutaka Yamasaki
|
0-0: Foul Ball, location: 2F 0-1: SINGLE (Groundball, 6M, EV 99.4 MPH) (infield hit)
|
|
Batting: RHB Norm Wood
|
0-0: Called Strike Yasutaka Yamasaki is caught stealing 2nd base 2-4
|
| Top of the 3rd over - 2 runs, 2 hits, 1 error, 0 left on base; Detroit (APP) 2 - Great Falls 0 |
| BOTTOM OF THE 3RD |
|
Great Falls Voyagers batting - Pitching for Detroit (APP) Tigers : RHP Malcolm Holz
|
|
Batting: RHB Tommy Ellington
|
0-0: Swinging Strike 0-1: Reached on error, E6 (Groundball, 6, EV 82.5 MPH)
|
|
Batting: RHB Billy Grubbs
|
0-0: Foul Ball, location: 2F 0-1: Ball 1-1: Fly out, F9 (Flyball, 9D, EV 96.2 MPH)
|
|
Batting: SHB Jay Gagnon
|
0-0: Foul Ball, location: 2F 0-1: Ball 1-1: Ball 2-1: Fly out, F6 (Flyball, 4MD, EV 86.9 MPH)
|
|
Batting: RHB Kasey Bland
|
0-0: Ball 1-0: Called Strike 1-1: Ground out 5-3 (Groundball, 56S, EV 83.1 MPH)
|
| Bottom of the 3rd over - 0 runs, 0 hits, 1 error, 1 left on base; Detroit (APP) 2 - Great Falls 0 |
| TOP OF THE 4TH |
|
Detroit (APP) Tigers batting - Pitching for Great Falls Voyagers : RHP Xavier Mosley
|
|
Batting: RHB Norm Wood
|
0-0: Called Strike 0-1: Ball 1-1: Ball 2-1: SOLO HOME RUN (Flyball, 78XD, EV 104.4 MPH), Distance : 422 ft
|
|
Batting: RHB German Quiroga
|
0-0: Ground out 4-3 (Groundball, 34, EV 91.2 MPH)
|
|
Batting: LHB Afanasy Zasekin
|
0-0: SINGLE (Groundball, 4, EV 105.0 MPH)
|
|
Batting: LHB Isao Fukui
|
0-0: Called Strike 0-1: Ball Wild Pitch! Afanasy Zasekin to second 1-1: 2-RUN HOME RUN (Flyball, 9D, EV 96.9 MPH), Distance : 372 ft
|
|
Batting: RHB Juan Acero
|
0-0: Called Strike 0-1: Foul Ball, location: 2F 0-2: Foul Ball, location: 2F 0-2: Foul Ball, location: 2F 0-2: Strikes out swinging
|
|
Batting: RHB Adam Fisher
|
0-0: Swinging Strike 0-1: Foul Ball, location: 2F 0-2: Ball 1-2: Ground out 4-3 (Groundball, 34, EV 100.6 MPH)
|
| Top of the 4th over - 3 runs, 3 hits, 0 errors, 0 left on base; Detroit (APP) 5 - Great Falls 0 |
| BOTTOM OF THE 4TH |
|
Great Falls Voyagers batting - Pitching for Detroit (APP) Tigers : RHP Malcolm Holz
|
|
Batting: RHB Andy Cotton
|
0-0: Foul Ball, location: 2F 0-1: Foul Ball, location: 2F 0-2: Fly out, F2 (Popup, 23F, EV 83.1 MPH)
|
|
Batting: RHB Mitch Cuadros
|
0-0: Ball 1-0: Ball 2-0: Ball 3-0: Called Strike 3-1: Foul Ball, location: 2F 3-2: SINGLE (Groundball, 56S, EV 62.5 MPH) (infield hit)
|
|
Batting: LHB Jeff Alphonso
|
0-0: Ball 1-0: Foul Ball, location: 2F 1-1: Grounds into double play, 4-6-3 (Groundball, 34D, EV 88.1 MPH)
|
| Bottom of the 4th over - 0 runs, 1 hit, 0 errors, 0 left on base; Detroit (APP) 5 - Great Falls 0 |
| TOP OF THE 5TH |
|
Detroit (APP) Tigers batting - Pitching for Great Falls Voyagers : RHP Xavier Mosley
|
|
Batting: RHB Yankel Pensak
|
0-0: Called Strike 0-1: Ball 1-1: Ground out 5-3 (Groundball, 56, EV 88.1 MPH)
|
|
Batting: LHB Timotheus Young
|
0-0: Ground out 5-3 (Groundball, 5, EV 83.8 MPH)
|
|
Batting: RHB Yasutaka Yamasaki
|
0-0: Swinging Strike 0-1: Ball 1-1: Ball 2-1: Ball 3-1: Foul Ball, location: 2F 3-2: Base on Balls
|
|
Pitching: RHP Ivan Gaona
|
|
|
Batting: RHB Norm Wood
|
0-0: Ball Yasutaka Yamasaki is caught stealing 2nd base 2-4
|
| Top of the 5th over - 0 runs, 0 hits, 0 errors, 0 left on base; Detroit (APP) 5 - Great Falls 0 |
| BOTTOM OF THE 5TH |
|
Great Falls Voyagers batting - Pitching for Detroit (APP) Tigers : RHP Malcolm Holz
|
|
Batting: RHB David Rhodes
|
0-0: Foul Ball, location: 2F 0-1: Ball 1-1: Swinging Strike 1-2: Ball 2-2: SINGLE (Groundball, 6MD, EV 109.4 MPH)
|
|
Batting: RHB Mike Rosa
|
0-0: SINGLE (Groundball, 5S, EV 75.6 MPH) (infield hit) David Rhodes to second
|
|
Batting: RHB Tommy Ellington
|
0-0: Ball 1-0: Ball 2-0: Called Strike 2-1: Ball 3-1: Base on Balls David Rhodes to third Mike Rosa to second
|
|
Batting: RHB Billy Grubbs
|
0-0: Ball 1-0: Called Strike 1-1: Foul Ball, location: 2F 1-2: Strikes out swinging
|
|
Batting: SHB Jay Gagnon
|
0-0: Foul Ball, location: 2F 0-1: Ball 1-1: Called Strike 1-2: Strikes out swinging
|
|
Batting: RHB Kasey Bland
|
0-0: Ball 1-0: Ball Passed Ball! David Rhodes scores Mike Rosa to third Tommy Ellington to second 2-0: Ball 3-0: Called Strike 3-1: Foul Ball, location: 2F 3-2: Foul Ball, location: 2F 3-2: Foul Ball, location: 2F 3-2: Base on Balls
|
|
Pitching: RHP Alex Amparo
|
|
|
Batting: RHB Andy Cotton
|
0-0: Swinging Strike 0-1: Ball 1-1: Ball 2-1: SINGLE (Groundball, 4MD, EV 106.9 MPH) Mike Rosa scores Tommy Ellington to third Kasey Bland to second
|
|
Batting: RHB Mitch Cuadros
|
0-0: Foul Ball, location: 2F 0-1: Ball 1-1: Ball 2-1: Ground out 4-3 (Groundball, 4, EV 88.1 MPH)
|
| Bottom of the 5th over - 2 runs, 3 hits, 0 errors, 3 left on base; Detroit (APP) 5 - Great Falls 2 |
| TOP OF THE 6TH |
|
Detroit (APP) Tigers batting - Pitching for Great Falls Voyagers : RHP Ivan Gaona
|
|
Batting: RHB Norm Wood
|
0-0: Called Strike 0-1: Swinging Strike 0-2: Hit by Pitch
|
|
Batting: RHB German Quiroga
|
0-0: Ball Norm Wood is caught stealing 2nd base 2-4 1-0: Ball 2-0: Ball 3-0: Called Strike 3-1: SINGLE (Groundball, 6M, EV 115.0 MPH) (infield hit)
|
|
Batting: LHB Afanasy Zasekin
|
0-0: Fielders Choice at 2nd, 4-6 (Groundball, 4S, EV 85.0 MPH)
|
|
Batting: LHB Isao Fukui
|
0-0: Ball 1-0: Ball 2-0: Hit by Pitch Afanasy Zasekin to second
|
|
Batting: RHB Juan Acero
|
0-0: Called Strike 0-1: Called Strike 0-2: Strikes out looking
|
| Top of the 6th over - 0 runs, 1 hit, 0 errors, 2 left on base; Detroit (APP) 5 - Great Falls 2 |
| BOTTOM OF THE 6TH |
|
Great Falls Voyagers batting - Pitching for Detroit (APP) Tigers : RHP Alex Amparo
|
|
Batting: LHB Jeff Alphonso
|
0-0: Called Strike 0-1: Ball 1-1: Foul Ball, location: 2F 1-2: Ball 2-2: Ball 3-2: Foul Ball, location: 2F 3-2: Base on Balls
|
|
Batting: RHB David Rhodes
|
0-0: Ball 1-0: Called Strike 1-1: Foul Ball, location: 2F 1-2: Grounds into double play, 6-4-3 (Groundball, 6, EV 83.1 MPH)
|
|
Pitching: RHP Matt Haberle
|
|
|
Batting: RHB Mike Rosa
|
0-0: Ball 1-0: Ball 2-0: Ground out 6-3 (Groundball, 6, EV 101.2 MPH)
|
| Bottom of the 6th over - 0 runs, 0 hits, 0 errors, 0 left on base; Detroit (APP) 5 - Great Falls 2 |
| TOP OF THE 7TH |
|
Detroit (APP) Tigers batting - Pitching for Great Falls Voyagers : RHP Ivan Gaona
|
|
Pitching: LHP Ray Sowers
|
|
|
Batting: RHB Adam Fisher
|
0-0: Called Strike 0-1: Ground out 6-3 (Groundball, 6, EV 86.2 MPH)
|
|
Batting: RHB Yankel Pensak
|
0-0: Swinging Strike 0-1: Foul Ball, location: 2F 0-2: Strikes out swinging
|
|
Batting: LHB Timotheus Young
|
0-0: Ball 1-0: Ball 2-0: Ball 3-0: Foul Ball, location: 2F 3-1: Base on Balls
|
|
Batting: RHB Yasutaka Yamasaki
|
0-0: Fielders Choice at 2nd, 5-4 (Groundball, 56, EV 102.5 MPH)
|
| Top of the 7th over - 0 runs, 0 hits, 0 errors, 1 left on base; Detroit (APP) 5 - Great Falls 2 |
| BOTTOM OF THE 7TH |
|
Great Falls Voyagers batting - Pitching for Detroit (APP) Tigers : RHP Matt Haberle
|
|
Batting: RHB Tommy Ellington
|
0-0: Called Strike 0-1: Foul Ball, location: 2F 0-2: Ball 1-2: SINGLE (Line Drive, 7S, EV 110.6 MPH)
|
|
Batting: RHB Billy Grubbs
|
0-0: Ball 1-0: Ball 2-0: Ball 3-0: Called Strike 3-1: Base on Balls Tommy Ellington to second
|
|
Batting: SHB Jay Gagnon
|
0-0: Called Strike 0-1: Swinging Strike 0-2: Strikes out looking
|
|
Batting: RHB Kasey Bland
|
0-0: Ball 1-0: Ball 2-0: Called Strike 2-1: Called Strike 2-2: Ball 3-2: Base on Balls Tommy Ellington to third Billy Grubbs to second
|
|
Pitching: RHP Bert Hernandez
|
|
|
Pinch Hitting: SHB Ethan Villalobos
|
0-0: Called Strike 0-1: SINGLE (Groundball, 13S, EV 75.0 MPH) (infield hit) Tommy Ellington scores Billy Grubbs to third Kasey Bland to second
|
|
Batting: RHB Mitch Cuadros
|
0-0: Ball 1-0: Called Strike 1-1: Foul Ball, location: 2F 1-2: Ball 2-2: GRAND SLAM HOME RUN (Flyball, 9D, EV 97.5 MPH), Distance : 384 ft
|
|
Batting: LHB Jeff Alphonso
|
0-0: Ball 1-0: Foul Ball, location: 2F 1-1: Ball 2-1: Ball 3-1: SOLO HOME RUN (Flyball, 9D, EV 94.4 MPH), Distance : 367 ft
|
|
Batting: RHB David Rhodes
|
0-0: Called Strike 0-1: Ball 1-1: Foul Ball, location: 2F 1-2: Foul Ball, location: 2F 1-2: Strikes out looking
|
|
Batting: RHB Mike Rosa
|
0-0: Ball 1-0: Foul Ball, location: 2F 1-1: Fly out, F8 (Flyball, 8LS, EV 83.1 MPH)
|
| Bottom of the 7th over - 6 runs, 4 hits, 0 errors, 0 left on base; Detroit (APP) 5 - Great Falls 8 |
| TOP OF THE 8TH |
|
Detroit (APP) Tigers batting - Pitching for Great Falls Voyagers : LHP Ray Sowers
|
|
Now in LF: Jake Feinstein
|
|
|
Batting: RHB Norm Wood
|
0-0: Called Strike 0-1: Ball 1-1: Foul Ball, location: 2F 1-2: SINGLE (Groundball, 56D, EV 95.0 MPH)
|
|
Batting: RHB German Quiroga
|
0-0: Ball 1-0: Fly out, F7 (Flyball, 7S, EV 81.2 MPH)
|
|
Pinch Hitting: RHB Jose Evangelista
|
0-0: Called Strike 0-1: Ball 1-1: Fielders Choice at 2nd, 5-4 (Groundball, 5, EV 80.6 MPH)
|
|
Pinch Hitting: RHB Kevin Steed
|
0-0: Called Strike 0-1: Ball 1-1: Called Strike 1-2: Ball 2-2: Foul Ball, location: 2F 2-2: Foul Ball, location: 2F 2-2: Ball 3-2: Strikes out looking
|
| Top of the 8th over - 0 runs, 1 hit, 0 errors, 1 left on base; Detroit (APP) 5 - Great Falls 8 |
| BOTTOM OF THE 8TH |
|
Great Falls Voyagers batting - Pitching for Detroit (APP) Tigers : RHP Bert Hernandez
|
|
Now at 1B: Kevin Steed
|
|
|
Now in RF: Jose Evangelista
|
|
|
Batting: RHB Tommy Ellington
|
0-0: Ball 1-0: Ball 2-0: Called Strike 2-1: Ball 3-1: SINGLE (Flyball, 56D, EV 91.2 MPH)
|
|
Batting: RHB Billy Grubbs
|
0-0: Foul Ball, location: 2F 0-1: Swinging Strike 0-2: Ball 1-2: Strikes out swinging
|
|
Batting: SHB Jay Gagnon
|
0-0: Ball 1-0: Ball 2-0: Ball 3-0: Called Strike 3-1: 2-RUN HOME RUN (Flyball, 89XD, EV 106.2 MPH), Distance : 403 ft
|
|
Batting: RHB Kasey Bland
|
0-0: Ground out 5-3 (Groundball, 56S, EV 84.4 MPH)
|
|
Batting: RHB Jake Feinstein
|
0-0: Called Strike 0-1: Foul Ball, location: 2F 0-2: Ball 1-2: Ball 2-2: Ground out 4-3 (Groundball, 4, EV 102.5 MPH)
|
| Bottom of the 8th over - 2 runs, 2 hits, 0 errors, 0 left on base; Detroit (APP) 5 - Great Falls 10 |
| TOP OF THE 9TH |
|
Detroit (APP) Tigers batting - Pitching for Great Falls Voyagers : LHP Ray Sowers
|
|
Batting: RHB Juan Acero
|
0-0: Swinging Strike 0-1: Ball 1-1: Ball 2-1: Ball 3-1: Base on Balls
|
|
Batting: RHB Nate Dabney
|
0-0: Called Strike 0-1: SINGLE (Groundball, 5, EV 94.4 MPH) Juan Acero to second
|
|
Pitching: LHP Yusufu Mustafa
|
|
|
Pinch Hitting: SHB Jean-Luc Legros
|
0-0: Ball 1-0: Called Strike 1-1: Ball 2-1: Foul Ball, location: 2F 2-2: Strikes out looking
|
|
Batting: LHB Timotheus Young
|
0-0: Ball 1-0: Ball 2-0: Fielders Choice at 2nd, 3-6 (Groundball, 34, EV 88.8 MPH) Juan Acero to third
|
|
Batting: RHB Yasutaka Yamasaki
|
0-0: Ball 1-0: Ball 2-0: Called Strike 2-1: Ball 3-1: Fly out, F4 (Popup, 13S, EV 83.8 MPH)
|
| Top of the 9th over - 0 runs, 1 hit, 0 errors, 2 left on base; Detroit (APP) 5 - Great Falls 10 |
|